[Event "Titled Tuesday Blitz June 15 2021"]
[White "Enriquack"]
[Black "Pakleza, Zbigniew"]
[BlackFideId "1119290"]
[WhiteElo "2521"]
[BlackElo "2526"]
[Result "0-1"]
[Round "08"]
[TimeControl "180+1"]
[Date "2021.06.15"]
[WhiteClock "0:00:13"]
[BlackClock "0:00:03"]

1. e4 d6 2. d4 Nf6 3. Nc3 c6 4. Nf3 Bg4 5. h3 Bh5 6. g4 Bg6 7. Qe2 e6 8. Nh4 Bxe4 9. f3 Bg6 10. Nxg6 hxg6 11. Bg2 Qb6 12. Qd3 Nbd7 13. Bd2 O-O-O 14. O-O-O d5 15. f4 Bd6 16. Rhf1 Kb8 17. Kb1 Qc7 18. Bc1 a6 19. Rde1 c5 20. f5 gxf5 21. gxf5 cxd4 22. fxe6 dxc3 23. exd7 cxb2 24. Bxb2 Rxd7 25. Rf5 Rc8 26. Rg5 Ka8 27. Rxg7 Ne4 28. Rc1 Be5 29. Rh7 Bxb2 30. Kxb2 Qe5+ 31. c3 Rdc7 32. Rh4 f5 33. Rh6 Qf4 34. Rc2 Qxh6 35. Qxd5 Qb6+ 36. Kc1 Nxc3 37. Qxf5 Nxa2+ 38. Kd2 Rxc2+ 0-1


[Site "https://www.chess.com"]

[Event "Titled Tuesday Blitz June 15 2021"]
[White "Erdogdu, Mert"]
[Black "Yaran, Siar"]
[WhiteFideId "6301495"]
[BlackFideId "6323006"]
[WhiteElo "2485"]
[BlackElo "1977"]
[Result "1/2-1/2"]
[Round "08"]
[TimeControl "180+1"]
[Date "2021.06.15"]
[WhiteClock "0:00:16"]
[BlackClock "0:00:09"]

1. e4 e5 2. Nf3 Nc6 3. Bc4 Bc5 4. d3 Nf6 5. O-O O-O 6. a4 a6 7. h3 h6 8. Re1 Re8 9. Nbd2 d6 10. c3 Be6 11. Bxe6 Rxe6 12. Nf1 Ba7 13. Ng3 d5 14. Qb3 Bb6 15. Bd2 Qd7 16. Rad1 Rd8 17. Bc1 dxe4 18. dxe4 Rd6 19. Rxd6 Qxd6 20. Qc4 Qd3 21. Qxd3 Rxd3 22. Kf1 Rd8 23. Ke2 Ne8 24. b4 Nd6 25. Rd1 f6 26. Ba3 Nc4 27. Rxd8+ Nxd8 28. Bc1 Ne6 29. Nf5 h5 30. Ne7+ Kf7 31. Nd5 Ba7 32. Kd3 Nd6 33. Be3 Bxe3 34. Kxe3 c6 35. Nb6 g5 36. g3 Ke7 37. a5 Nb5 38. Kd3 Nd6 39. h4 g4 40. Nd2 Nc7 41. Nb3 Ne6 42. Na4 Nf7 43. Nac5 Nxc5+ 44. Nxc5 Nd6 45. c4 Kf7 46. Nd7 Ke6 47. Nc5+ Kf7 48. Kc3 Kg6 49. Kd3 Kf7 1/2-1/2


[Site "https://www.chess.com"]

[Event "Titled Tuesday Blitz June 15 2021"]
[White "Fier, Alexandr"]
[Black "Vazquez, Facundo"]
[WhiteFideId "2107139"]
[BlackFideId "3007669"]
[WhiteElo "2569"]
[BlackElo "1984"]
[Result "1-0"]
[Round "08"]
[TimeControl "180+1"]
[Date "2021.06.15"]
[WhiteClock "0:01:56"]
[BlackClock "0:00:18"]

1. d4 Nf6 2. Bg5 g6 3. Bxf6 exf6 4. g3 f5 5. Bg2 h5 6. h4 Bh6 7. e3 d6 8. Ne2 O-O 9. c4 Nd7 10. Nbc3 Nf6 11. Qc2 Ng4 12. Nf4 Re8 13. Nce2 c6 14. Bf3 Bd7 15. Qd2 Rb8 16. Kf1 b5 17. Rc1 b4 18. Kg2 a5 19. b3 Qe7 20. Ra1 Nf6 21. a3 Ne4 22. Qd3 Ra8 23. Ra2 Bxf4 24. Nxf4 Nc3 25. Raa1 Reb8 26. Rhc1 Be8 27. Nh3 Ra7 28. Ng5 d5 29. cxd5 cxd5 30. Nh3 Ne4 31. Nf4 Qd6 32. axb4 Rxb4 33. Rc8 Re7 34. Rxa5 Kg7 1-0


[Site "https://www.chess.com"]

[Event "Titled Tuesday Blitz June 15 2021"]
[White "Florescu, Codrut-Constantin"]
[Black "Mikhailovsky, Vladimir"]
[WhiteFideId "1202200"]
[BlackFideId "34105414"]
[WhiteElo "2243"]
[BlackElo "2314"]
[Result "0-1"]
[Round "08"]
[TimeControl "180+1"]
[Date "2021.06.15"]
[WhiteClock "0:00:17"]
[BlackClock "0:00:07"]

1. d4 Nf6 2. c4 d6 3. Nc3 e5 4. Nf3 Nbd7 5. e4 Be7 6. d5 O-O 7. g3 Nc5 8. Qc2 c6 9. Bg2 cxd5 10. cxd5 b5 11. b4 Ncd7 12. O-O Ba6 13. h3 Rc8 14. Be3 Nxe4 15. Qxe4 Rxc3 16. Bxa7 Qc7 17. Be3 f5 18. Qb1 Bb7 19. Bg5 e4 20. Bxe7 exf3 21. Bxf8 fxg2 22. Rc1 Nxf8 23. Qb2 Rc4 24. a4 bxa4 25. Rxc4 Qxc4 26. Kxg2 Qxd5+ 27. Kf1 Qg2+ 28. Ke2 Qf3+ 29. Ke1 Ne6 30. Ra3 Qh1+ 31. Ke2 Qe4+ 32. Kd2 Nd4 33. Re3 Qd5 34. Rd3 Nb3+ 35. Kc2 Qc4+ 36. Qc3 Qxc3+ 37. Kxc3 d5 38. b5 d4+ 39. Kb4 Be4 40. Rd1 Kf7 41. b6 Ke7 42. Kxa4 Bc2 43. Re1+ Kd7 44. Kb4 d3 45. Kc3 Nc5 46. f3 Kc6 47. Re7 Kxb6 48. Rxg7 Kb5 49. Rxh7 Na4+ 50. Kd2 Nb6 51. Rc7 Nc4+ 52. Kc1 Kb4 53. h4 Ba4 54. Rxc4+ Kxc4 55. Kd2 Bc6 56. g4 fxg4 57. fxg4 Bf3 58. g5 Bh5 59. Ke3 Kc3 60. g6 Bxg6 61. Kf4 d2 62. Kg5 Bh7 63. Kh6 d1=Q 64. Kxh7 Qh5+ 65. Kg7 Qxh4 0-1


[Site "https://www.chess.com"]

[Event "Titled Tuesday Blitz June 15 2021"]
[White "Gabrielian, Artur"]
[Black "elcandado"]
[WhiteFideId "4131002"]
[WhiteElo "2539"]
[BlackElo "2650"]
[Result "1-0"]
[Round "08"]
[TimeControl "180+1"]
[Date "2021.06.15"]
[WhiteClock "0:02:31"]
[BlackClock "0:00:52"]

1. d4 Nf6 2. c4 e6 3. Nc3 Bb4 4. e3 O-O 5. Bd3 c5 6. a3 Bxc3+ 7. bxc3 d5 8. Ne2 dxc4 9. Bxc4 b6 10. O-O Qc7 11. Bd3 Ba6 12. f3 Bxd3 13. Qxd3 Nc6 14. e4 Rfd8 15. Bg5 cxd4 16. cxd4 Nxd4 17. Nxd4 e5 18. Qc2 Rac8 19. Qxc7 Rxc7 20. Nf5 Kf8 21. Rfd1 Rcd7 22. Rxd7 Rxd7 23. Bxf6 gxf6 24. Rc1 1-0


[Site "https://www.chess.com"]

[Event "Titled Tuesday Blitz June 15 2021"]
[White "Gontcharov, Vladislav"]
[Black "Vaishali, Rameshbabu"]
[WhiteFideId "4123492"]
[BlackFideId "5091756"]
[WhiteElo "2503"]
[BlackElo "2313"]
[Result "1-0"]
[Round "08"]
[TimeControl "180+1"]
[Date "2021.06.15"]
[WhiteClock "0:00:04"]
[BlackClock "0:00:01"]

1. e4 g6 2. d4 Bg7 3. Nc3 d5 4. exd5 Nf6 5. Nf3 O-O 6. Bc4 Nbd7 7. O-O Nb6 8. Bb3 a5 9. a3 Nbxd5 10. Nxd5 Nxd5 11. c3 b6 12. Re1 Bb7 13. Bg5 Re8 14. Qd2 Qd6 15. Re2 a4 16. Ba2 c5 17. dxc5 Qxc5 18. c4 Nf6 19. Be3 Qh5 20. Bxb6 Bxf3 21. gxf3 Qxf3 22. Re3 Qc6 23. c5 Bh6 24. Rae1 Bxe3 25. Qxe3 Nd7 26. Qf4 e6 27. Bc7 Qxc5 28. Bd6 Qf5 29. Qg3 Rac8 30. Bb1 Qh5 31. Be4 Rc4 32. Bf3 Qh4 33. Rd1 Qxg3+ 34. hxg3 Nf6 35. Be5 Nd5 36. Bxd5 exd5 37. Rxd5 Re4 38. f4 Re2 39. Kf1 Rc2 40. Kg1 h6 41. Rd6 Rec8 42. g4 Re2 43. Kf1 Rec2 44. g5 hxg5 45. fxg5 Re8 46. Bf6 Rh2 47. Rc6 Rd2 48. Rc7 Rd5 49. Rc4 Rf5+ 50. Kg2 Re2+ 51. Kg3 Rxf6 52. gxf6 Rxb2 53. Rxa4 Rb6 54. Rf4 Ra6 55. Rf3 Kh7 56. Kg4 Ra4+ 57. Kg5 Ra5+ 58. Kg4 g5 59. Kh5 Rb5 60. Rg3 Ra5 61. Rxg5 Rxa3 62. Rg7+ Kh8 63. Rxf7 Rh3+ 64. Kg5 Rg3+ 65. Kf4 Ra3 66. Rd7 Kg8 67. Kf5 Ra5+ 68. Kg6 Ra1 69. Rd8# 1-0


[Site "https://www.chess.com"]

[Event "Titled Tuesday Blitz June 15 2021"]
[White "Goryachkina, Aleksandra"]
[Black "Sychev, Klementy"]
[WhiteFideId "4147103"]
[BlackFideId "4114060"]
[WhiteElo "2441"]
[BlackElo "2615"]
[Result "0-1"]
[Round "08"]
[TimeControl "180+1"]
[Date "2021.06.15"]
[WhiteClock "0:00:04"]
[BlackClock "0:00:42"]

1. e4 c5 2. Nf3 d6 3. c3 Nf6 4. Be2 g6 5. O-O Bg7 6. Bb5+ Bd7 7. Bxd7+ Qxd7 8. Re1 O-O 9. d4 Na6 10. h3 Rac8 11. Bf4 Rfd8 12. d5 e6 13. dxe6 Qxe6 14. Nbd2 h6 15. Qc2 d5 16. exd5 Qxd5 17. Be5 Nh5 18. Bxg7 Kxg7 19. Ne4 Qf5 20. Rad1 Nf6 21. Nh4 Qf4 22. g3 Qc7 23. Nxf6 Kxf6 24. Ng2 Qc6 25. Qc1 Kg7 26. Ne3 h5 27. c4 Nc7 28. Qc3+ Qf6 29. Qxf6+ Kxf6 30. Kf1 a6 31. Ke2 b5 32. b3 Kg7 33. Rxd8 Rxd8 34. Rd1 Rxd1 35. Kxd1 Kf6 36. Ke2 Ke5 37. Kd3 g5 38. Kc3 f5 39. a4 f4 40. gxf4+ gxf4 41. Nf1 bxa4 42. bxa4 Ne6 43. Nd2 Ng5 44. h4 Ne4+ 45. Nxe4 Kxe4 46. Kd2 Kd4 0-1


[Site "https://www.chess.com"]

[Event "Titled Tuesday Blitz June 15 2021"]
[White "Hansen, Eric"]
[Black "Andreikin, Dmitry"]
[WhiteFideId "2606771"]
[BlackFideId "4158814"]
[WhiteElo "2568"]
[BlackElo "2782"]
[Result "0-1"]
[Round "08"]
[TimeControl "180+1"]
[Date "2021.06.15"]
[WhiteClock "0:00:03"]
[BlackClock "0:00:22"]

1. b3 e5 2. Bb2 Nc6 3. e3 Nf6 4. Bb5 Bd6 5. Na3 Bb4 6. Nc4 e4 7. Ne2 O-O 8. a3 Be7 9. Ng3 Nb8 10. Nf5 a6 11. Ba4 b5 12. g4 d5 13. Ne5 bxa4 14. Nxe7+ Qxe7 15. g5 Nfd7 16. Ng4 Qxg5 17. h4 Qh5 18. Rg1 f5 19. Nf6+ Nxf6 20. Rxg7+ Kh8 21. Qxh5 Nxh5 22. Rg6+ Nf6 23. Bxf6+ Rxf6 24. Rxf6 Kg7 0-1


[Site "https://www.chess.com"]

[Event "Titled Tuesday Blitz June 15 2021"]
[White "Har-Zvi, Ronen"]
[Black "Gunina, Valentina"]
[WhiteFideId "2801485"]
[BlackFideId "4167570"]
[WhiteElo "2523"]
[BlackElo "2399"]
[Result "0-1"]
[Round "08"]
[TimeControl "180+1"]
[Date "2021.06.15"]
[WhiteClock "0:00:01"]
[BlackClock "0:00:19"]

1. Nf3 d5 2. c4 c6 3. d4 Nf6 4. cxd5 cxd5 5. Bf4 Nc6 6. Nc3 a6 7. Rc1 Bf5 8. Ne5 e6 9. e3 Nxe5 10. Bxe5 Be7 11. Qb3 O-O 12. Be2 Nd7 13. Bg3 b5 14. O-O Nb6 15. Nxb5 Nc4 16. Nc7 Rb8 17. Qc3 Bb4 18. Qb3 Nd2 19. Qa4 Nxf1 20. Bxf1 Bd6 21. b3 Rc8 22. Bxd6 Qxd6 23. Qa5 e5 24. Bxa6 Rcd8 25. Nb5 Qg6 26. Nc7 Be4 27. Bf1 exd4 28. exd4 Qg5 29. Qc3 Rd6 30. b4 Rg6 31. g3 f5 32. f4 Qg4 33. Qe3 Rh6 34. b5 Rc8 35. Rc5 Qd1 36. h4 Rg6 37. Kf2 Qa4 0-1


[Site "https://www.chess.com"]

[Event "Titled Tuesday Blitz June 15 2021"]
[White "Harutyunyan, Tigran K."]
[Black "Iskusnyh, Sergei"]
[WhiteFideId "13303635"]
[BlackFideId "4120027"]
[WhiteElo "2444"]
[BlackElo "2492"]
[Result "1/2-1/2"]
[Round "08"]
[TimeControl "180+1"]
[Date "2021.06.15"]
[WhiteClock "0:00:07"]
[BlackClock "0:00:06"]

1. c4 c5 2. g3 g6 3. Bg2 Bg7 4. Nf3 Nc6 5. Nc3 d6 6. O-O e6 7. b3 Nge7 8. Bb2 O-O 9. d3 b6 10. Qd2 Bb7 11. Ne4 e5 12. e3 Qd7 13. Nc3 f5 14. Rfe1 h6 15. Nd5 Nxd5 16. cxd5 Nb4 17. e4 Ba6 18. d4 fxe4 19. Rxe4 exd4 20. Bxd4 cxd4 21. Qxb4 d3 22. Rd1 Rae8 23. Re6 Rxe6 24. Bh3 Kh7 25. Bxe6 Qd8 26. Ne1 Qf6 27. f4 g5 28. Nxd3 Bxd3 29. Rxd3 gxf4 30. Qe4+ Kh8 31. gxf4 Qxf4 32. Qxf4 Rxf4 33. Kg2 Be5 34. Rd2 Bd4 35. Rc2 Bc5 36. Kg3 Rf6 37. Rc4 a5 38. Rg4 Kh7 39. h4 h5 40. Rg5 Bf2+ 41. Kh3 Kh6 42. Rg8 Rf4 43. Rd8 Rxh4+ 44. Kg2 Bc5 45. Kg3 Rd4 46. Bf7 h4+ 47. Kh3 Kg5 48. Rg8+ Kf6 49. Be6 Ke5 50. Rg5+ Kf4 51. Kxh4 Ke3+ 52. Kh5 Kd2 53. Rg2+ Kc3 54. Kg5 Kb4 55. Kf6 Ka3 56. Ke7 Rd1 57. Kd7 Ra1 58. Kc6 Rxa2 59. Rg3 Rb2 60. Bf5 Rxb3 61. Rg2 a4 62. Bc2 Rb2 63. Rg3+ Kb4 64. Rg4+ Kc3 65. Bxa4 Rb4 66. Rxb4 Kxb4 67. Bb5 Ka5 68. Bd3 Kb4 69. Bb5 Ka5 70. Bd3 Kb4 71. Bb5 1/2-1/2


[Site "https://www.chess.com"]

[Event "Titled Tuesday Blitz June 15 2021"]
[White "Herman, Matthew"]
[Black "Madaminov, Mukhiddin"]
[WhiteFideId "2028964"]
[BlackFideId "14210703"]
[WhiteElo "2368"]
[BlackElo "1747"]
[Result "1-0"]
[Round "08"]
[TimeControl "180+1"]
[Date "2021.06.15"]
[WhiteClock "0:01:10"]
[BlackClock "0:00:10"]

1. d4 Nf6 2. c4 e6 3. Nc3 Bb4 4. f3 d5 5. a3 Bxc3+ 6. bxc3 O-O 7. e3 c5 8. cxd5 exd5 9. Bd3 b6 10. Ne2 Re8 11. O-O Ba6 12. Ng3 Bxd3 13. Qxd3 Nc6 14. Bb2 Na5 15. Rae1 cxd4 16. cxd4 Rc8 17. e4 h6 18. e5 Nh7 19. f4 Nc4 20. Bc1 Nf8 21. f5 f6 22. e6 Nd6 23. Nh5 Ne4 24. Bxh6 Rc3 25. Qd1 Re7 26. Qg4 Qc7 27. Rxe4 dxe4 28. Nxf6+ Kh8 29. Bf4 gxf6 30. Bxc7 Rcxc7 31. d5 Rg7 32. Qxe4 Rc5 33. e7 1-0


[Site "https://www.chess.com"]

[Event "Titled Tuesday Blitz June 15 2021"]
[White "Ibrayev, Nurlan"]
[Black "1Przemyslaw1"]
[WhiteFideId "13700650"]
[WhiteElo "2366"]
[BlackElo "2299"]
[Result "1-0"]
[Round "08"]
[TimeControl "180+1"]
[Date "2021.06.15"]
[WhiteClock "0:00:05"]
[BlackClock "0:00:01"]

1. d4 d5 2. c4 dxc4 3. Nf3 Nf6 4. e3 e6 5. Bxc4 c5 6. Qe2 a6 7. O-O Nc6 8. Rd1 b5 9. Bb3 c4 10. Bc2 Nb4 11. e4 Nxc2 12. Qxc2 Be7 13. Bg5 Bb7 14. Nc3 O-O 15. d5 exd5 16. e5 Nd7 17. Bxe7 Qxe7 18. Nxd5 Bxd5 19. Rxd5 Rac8 20. Rad1 Nc5 21. Qf5 Qe6 22. Qh5 Nd3 23. Rd6 Qe7 24. b3 Rfe8 25. bxc4 bxc4 26. Rxa6 Nxe5 27. Nxe5 Qxe5 28. Qxe5 Rxe5 29. Rc6 Rce8 30. Kf1 Re2 31. a4 Rc2 32. a5 h6 33. Re1 Rxe1+ 34. Kxe1 Ra2 35. a6 g6 36. g4 Kg7 37. h4 g5 38. h5 c3 39. f3 Kh7 40. Kd1 Kg7 41. Kc1 c2 42. Kd2 Kh7 43. Ke3 Kg7 44. Ke4 c1=Q 45. Rxc1 Rxa6 46. Rc4 Rf6 47. Ke3 Re6+ 48. Re4 Ra6 49. Re7 Rf6 50. Ke4 Rf4+ 51. Ke3 Rf6 52. Ra7 Rf4 53. Ke2 Rb4 54. Ke3 Rf4 55. Ra6 Rb4 56. Rd6 Rf4 57. Rd4 Rf6 58. Rd5 Rf4 59. Re5 1-0


[Site "https://www.chess.com"]

[Event "Titled Tuesday Blitz June 15 2021"]
[White "Jacobson, Aaron"]
[Black "Ivanisevic, Ivan"]
[WhiteFideId "2089912"]
[BlackFideId "912417"]
[WhiteElo "2260"]
[BlackElo "2499"]
[Result "0-1"]
[Round "08"]
[TimeControl "180+1"]
[Date "2021.06.15"]
[WhiteClock "0:00:01"]
[BlackClock "0:00:51"]

1. e4 e5 2. Nf3 Nc6 3. Nc3 Nf6 4. d4 exd4 5. Nxd4 Bb4 6. Nxc6 bxc6 7. Bd3 O-O 8. O-O d5 9. exd5 cxd5 10. h3 Rb8 11. Qf3 Re8 12. Bf4 Rb6 13. a3 Bf8 14. Nb5 Re7 15. Rfe1 c6 16. Rxe7 Qxe7 17. Nd6 Be6 18. b4 Qd7 19. c4 Bxd6 20. c5 Bxf4 21. cxb6 Be5 22. bxa7 Qxa7 23. Rc1 g6 24. Rxc6 Qxa3 25. b5 Qa1+ 26. Bf1 Ne4 27. b6 Qb2 28. g3 Bd4 29. Rxe6 fxe6 30. Qg4 Qxf2+ 0-1


[Site "https://www.chess.com"]

[Event "Titled Tuesday Blitz June 15 2021"]
[White "Jacobson, Brandon"]
[Black "Niemann, Hans Moke"]
[WhiteFideId "30901561"]
[BlackFideId "2093596"]
[WhiteElo "2362"]
[BlackElo "2492"]
[Result "1-0"]
[Round "08"]
[TimeControl "180+1"]
[Date "2021.06.15"]
[WhiteClock "0:00:07"]
[BlackClock "0:00:01"]

1. d4 Nf6 2. c4 c6 3. Nc3 d5 4. cxd5 cxd5 5. Bf4 Nc6 6. e3 a6 7. Be2 Bf5 8. Nf3 e6 9. Qb3 Bb4 10. Ne5 Qe7 11. Nxc6 bxc6 12. O-O O-O 13. Na4 Ne4 14. Rfc1 g5 15. Bg3 Nxg3 16. hxg3 Qd6 17. a3 Ba5 18. Nc5 Rfb8 19. Qa2 e5 20. dxe5 Qxe5 21. b4 Bb6 22. Nxa6 Re8 23. Nc5 Kg7 24. Bf1 h5 25. Rab1 h4 26. gxh4 gxh4 27. Qa1 f6 28. Qxe5 fxe5 29. Ra1 h3 30. gxh3 Kf7 31. Kh2 Rh8 32. Nb3 Rac8 33. a4 e4 34. Nd4 Bc7+ 35. Kh1 1-0


[Site "https://www.chess.com"]

[Event "Titled Tuesday Blitz June 15 2021"]
[White "Janaszak, Dawid"]
[Black "Mirzoev, Azer"]
[WhiteFideId "1119206"]
[BlackFideId "13400304"]
[WhiteElo "2332"]
[BlackElo "2525"]
[Result "0-1"]
[Round "08"]
[TimeControl "180+1"]
[Date "2021.06.15"]
[WhiteClock "0:00:02"]
[BlackClock "0:00:41"]

1. d4 d5 2. Nf3 c6 3. Bf4 Qb6 4. Qc1 Bf5 5. e3 e6 6. Nbd2 Nf6 7. c4 a5 8. c5 Qa7 9. Nh4 Bg6 10. Nxg6 hxg6 11. h3 Nbd7 12. Nf3 Be7 13. Bd3 O-O 14. O-O b6 15. cxb6 Qxb6 16. Qc2 Rfc8 17. Rfc1 c5 18. dxc5 Nxc5 19. Bf1 Nfe4 20. Nd2 Qb7 21. Nxe4 Nxe4 22. Qe2 Bh4 23. g3 Bf6 24. f3 Nc5 25. Bd6 Qxb2 26. Qd1 Qb6 27. Bxc5 Rxc5 28. Rxc5 Qxc5 29. Qc1 Qxc1 30. Rxc1 g5 31. Kf2 g6 32. a4 Be5 33. f4 gxf4 34. gxf4 Bd6 35. Rc6 Bb4 36. Bb5 Kg7 37. Kf3 Kf6 38. h4 Rh8 39. Kg4 Bd2 40. e4 dxe4 41. Rc7 Be1 42. h5 gxh5+ 0-1


[Site "https://www.chess.com"]

[Event "Titled Tuesday Blitz June 15 2021"]
[White "Jones, Gawain C B"]
[Black "Timofeev, Artyom"]
[WhiteFideId "409561"]
[BlackFideId "4140419"]
[WhiteElo "2657"]
[BlackElo "2582"]
[Result "1/2-1/2"]
[Round "08"]
[TimeControl "180+1"]
[Date "2021.06.15"]
[WhiteClock "0:00:05"]
[BlackClock "0:00:18"]

1. c4 Nf6 2. g3 g6 3. Bg2 Bg7 4. Nc3 c5 5. Nf3 Nc6 6. d4 cxd4 7. Nxd4 O-O 8. O-O Ng4 9. e3 d6 10. Nxc6 bxc6 11. Bxc6 Rb8 12. Bg2 Ne5 13. Qc2 Nxc4 14. b3 Ne5 15. Bb2 Bb7 16. e4 Rc8 17. Qd2 h5 18. Nd5 e6 19. Ne3 h4 20. f4 Nd7 21. Bxg7 Kxg7 22. Qxd6 Nc5 23. Nc4 Ba6 24. Rfd1 Bxc4 25. Qxd8 Rfxd8 26. bxc4 hxg3 27. hxg3 Rh8 28. Rab1 Rc7 29. Kf2 Rhc8 30. Rbc1 Na4 31. Bf1 Nb6 32. Rd2 Rc5 33. e5 g5 34. Rd4 Kf8 35. Kf3 Ke7 36. Be2 Ra5 37. Rc2 Ra3+ 38. Rd3 Ra5 39. Rdc3 Nd7 40. Rb3 Nc5 41. Rb5 Ra3+ 42. Kg2 gxf4 43. gxf4 Rg8+ 44. Kf1 Rc8 45. Rd2 Re3 46. Kf2 Ra3 47. Kf1 Rc7 48. Rd6 Ne4 49. Rd4 Ng3+ 50. Kf2 Nxe2 51. Kxe2 Rxa2+ 52. Kd3 Ra3+ 53. Ke4 Rc3 54. Ra5 R3xc4 55. Rxc4 Rxc4+ 56. Kd3 Rc7 57. Ke4 Rc4+ 58. Kd3 Rxf4 59. Rxa7+ Kf8 60. Ke3 Rc4 61. Kf3 Kg7 62. Rb7 Kg6 63. Ra7 Rb4 64. Rc7 Rd4 65. Ra7 Rd1 66. Rb7 Re1 67. Kf4 Rf1+ 68. Ke4 Kg5 69. Ra7 Rf4+ 70. Ke3 Kg4 71. Rb7 Rf5 72. Ke4 Kg5 73. Ra7 Rf4+ 74. Ke3 Rf1 75. Ke4 Kg6 76. Ra8 Re1+ 77. Kf4 Rf1+ 78. Ke4 Rb1 79. Rg8+ Kh7 80. Rg2 Rb4+ 81. Ke3 Kh6 82. Kf3 Rd4 83. Ke3 Rb4 84. Kf3 Ra4 85. Ke3 Ra8 86. Kf3 Kh7 87. Kf4 Rg8 88. Rh2+ Kg7 89. Rg2+ Kf8 90. Ra2 Rg1 91. Ra8+ Kg7 92. Ra7 Kg6 93. Rb7 Rh1 94. Ra7 Rh4+ 95. Ke3 Rh7 96. Kf4 Rh5 97. Rb7 Rh6 98. Ra7 Rh4+ 99. Ke3 Rb4 100. Kf3 Rb5 101. Kf4 Rc5 102. Rb7 Rc1 103. Ra7 Rf1+ 104. Ke4 Kg5 105. Rb7 Rf2 106. Ra7 Rf4+ 1/2-1/2


[Site "https://www.chess.com"]

[Event "Titled Tuesday Blitz June 15 2021"]
[White "Kamsky, Gata"]
[Black "Donchenko, Alexander"]
[WhiteFideId "2000024"]
[BlackFideId "24603295"]
[WhiteElo "2644"]
[BlackElo "2553"]
[Result "1/2-1/2"]
[Round "08"]
[TimeControl "180+1"]
[Date "2021.06.15"]
[WhiteClock "0:00:36"]
[BlackClock "0:00:23"]

1. d4 e6 2. Bf4 c5 3. e3 Qb6 4. Nf3 cxd4 5. Qxd4 Qxd4 6. exd4 Nf6 7. c3 Nc6 8. h3 Be7 9. Nbd2 O-O 10. Bd3 b6 11. O-O Bb7 12. Rfe1 Rfe8 13. a4 Bf8 14. Nc4 Ba6 15. Bf1 d5 16. Ncd2 Bxf1 17. Kxf1 Rec8 18. g4 Ne8 19. Kg2 Nd6 20. Ne5 Nxe5 21. Bxe5 Nc4 22. Nxc4 Rxc4 23. Bg3 Rac8 24. f4 R4c6 25. f5 a6 26. fxe6 Rxe6 27. Re5 Rxe5 28. dxe5 Bc5 29. Rd1 Rd8 30. Bf2 Kf8 31. c4 Bxf2 32. Kxf2 Rc8 33. cxd5 Rc2+ 34. Ke3 Rxb2 35. Rc1 Rb3+ 36. Kd4 Rb4+ 37. Kd3 Rb3+ 38. Ke4 Rb4+ 39. Kd3 Rb3+ 40. Ke4 Rb4+ 41. Kd3 1/2-1/2


[Site "https://www.chess.com"]

[Event "Titled Tuesday Blitz June 15 2021"]
[White "Karttunen, Mika"]
[Black "Bayo Milagro, Alvaro"]
[WhiteFideId "502081"]
[BlackFideId "22275240"]
[WhiteElo "2343"]
[BlackElo "2270"]
[Result "1-0"]
[Round "08"]
[TimeControl "180+1"]
[Date "2021.06.15"]
[WhiteClock "0:00:11"]
[BlackClock "0:00:01"]

1. e4 c5 2. Nf3 g6 3. d4 cxd4 4. Nxd4 Bg7 5. c4 Nc6 6. Be3 Nf6 7. Nc3 d6 8. Be2 O-O 9. Nc2 Be6 10. O-O Ne5 11. Na3 Neg4 12. Bd4 Rc8 13. f4 Nh6 14. h3 Ne8 15. g4 f5 16. exf5 gxf5 17. g5 Nf7 18. Re1 Qa5 19. Bf1 Bxd4+ 20. Qxd4 Ng7 21. Re3 Qc5 22. Qxc5 Rxc5 23. Rae1 Nd8 24. b3 Kf7 25. Nab5 Nc6 26. Bg2 a6 27. Nc7 Nd4 28. Nxe6 Ngxe6 29. Nd5 Re8 30. Bf3 Nxf3+ 31. Rxf3 Nd4 32. Rd3 Nc6 33. Rde3 b5 34. Nf6 bxc4 35. Nxe8 Kxe8 36. bxc4 Rxc4 37. Rf3 Nd4 38. Rf2 Rc3 39. Kg2 Nc6 40. h4 Rc4 41. h5 e5 42. g6 hxg6 43. h6 Kf8 44. Rd1 Nd4 45. Rb2 Kg8 46. Rb7 Rc2+ 47. Kg3 Ne2+ 48. Kf3 Nd4+ 49. Ke3 Re2+ 50. Kd3 Rh2 51. Rc1 Rh3+ 52. Kc4 Rxh6 53. Kd5 1-0


[Site "https://www.chess.com"]

[Event "Titled Tuesday Blitz June 15 2021"]
[White "Kavyev, Ruslan"]
[Black "Stelmaszyk, Nico"]
[WhiteFideId "34110981"]
[BlackFideId "16200462"]
[WhiteElo "2172"]
[BlackElo "2119"]
[Result "0-1"]
[Round "08"]
[TimeControl "180+1"]
[Date "2021.06.15"]
[WhiteClock "0:00:29"]
[BlackClock "0:00:40"]

1. e4 e5 2. Nf3 Nf6 3. Nxe5 Nxe4 4. Nf3 d5 5. d3 Nf6 6. d4 Bd6 7. Bd3 O-O 8. O-O c6 9. c3 Bg4 10. h3 Bh5 11. Nbd2 Nbd7 12. Re1 Qc7 13. Nf1 Rfe8 14. Ne3 Bg6 15. Nf5 Bf4 16. Ne7+ Kf8 17. Nxg6+ hxg6 18. Bd2 Bxd2 19. Qxd2 Rxe1+ 20. Rxe1 Re8 21. Rxe8+ Nxe8 22. Qg5 Nef6 23. b4 b5 24. h4 a5 25. a3 axb4 26. axb4 Qa7 27. Ne5 Qa1+ 28. Kh2 Nxe5 29. dxe5 Qxc3 30. Bxg6 Qxe5+ 31. Qxe5 Ng4+ 32. Kg3 Nxe5 33. Bc2 Ke7 34. Kf4 Nd7 35. g4 Nb8 36. g5 Na6 37. h5 Nxb4 38. h6 gxh6 39. gxh6 Kf8 40. Bh7 c5 41. Ke5 d4 42. f4 d3 43. Kf6 Nd5+ 44. Ke5 d2 45. Bc2 Ne3 46. Kf6 Kg8 47. h7+ Kh8 48. Bb3 c4 49. Bd1 Nxd1 50. Kxf7 Ne3 51. f5 Nxf5 52. Kg6 Ng7 53. Kh6 c3 54. Kg6 b4 55. Kh6 b3 56. Kg6 c2 57. Kh6 b2 58. Kg6 d1=Q 59. Kh6 c1=Q+ 60. Kg6 b1=Q+ 61. Kf6 Qf5+ 62. Ke7 Qe3# 0-1


[Site "https://www.chess.com"]

[Event "Titled Tuesday Blitz June 15 2021"]
[White "Khanin, Semen"]
[Black "Molina, Roberto Junio Brito"]
[WhiteFideId "4111990"]
[BlackFideId "2109450"]
[WhiteElo "2521"]
[BlackElo "2402"]
[Result "1-0"]
[Round "08"]
[TimeControl "180+1"]
[Date "2021.06.15"]
[WhiteClock "0:00:17"]
[BlackClock "0:00:01"]

1. e4 c6 2. d4 d5 3. Nd2 dxe4 4. Nxe4 Nd7 5. Ng5 Ngf6 6. Bd3 e6 7. N1f3 Bd6 8. Qe2 h6 9. Ne4 Nxe4 10. Qxe4 Qc7 11. Qe2 b6 12. Bd2 Bb7 13. O-O-O O-O-O 14. Rhe1 Kb8 15. Ne5 Nf6 16. Bf4 Ka8 17. h3 Rhe8 18. g4 Nd5 19. Bg3 f6 20. Ng6 Bxg3 21. fxg3 Qxg3 22. Kb1 Qd6 23. a3 Nc7 24. Be4 Rd7 25. c4 Red8 26. Bf3 c5 27. dxc5 Qxc5 28. Rxd7 Rxd7 29. b4 Qd4 30. Nf8 Qc3 31. Bxb7+ Kxb7 32. Nxd7 Qb3+ 33. Kc1 Qc3+ 34. Kd1 Qa1+ 35. Kc2 Qa2+ 36. Kd3 Qxa3+ 37. Ke4 b5 38. Nc5+ Kc8 39. Qd2 f5+ 40. gxf5 exf5+ 41. Kf4 g5+ 42. Kxf5 Qxh3+ 43. Kg6 bxc4 44. Qd6 a6 45. Qf8+ 1-0


[Site "https://www.chess.com"]

[Event "Titled Tuesday Blitz June 15 2021"]
[White "Khusnutdinov, Rustam"]
[Black "Ponkratov, Pavel"]
[WhiteFideId "13701703"]
[BlackFideId "4157800"]
[WhiteElo "2571"]
[BlackElo "2636"]
[Result "1-0"]
[Round "08"]
[TimeControl "180+1"]
[Date "2021.06.15"]
[WhiteClock "0:00:06"]
[BlackClock "0:00:08"]

1. d4 c5 2. d5 e5 3. e4 h5 4. Nc3 a6 5. f4 d6 6. Nf3 Bg4 7. h3 Bxf3 8. Qxf3 b5 9. fxe5 Nd7 10. e6 fxe6 11. dxe6 Ne5 12. Qf2 Nf6 13. Bg5 Be7 14. Bxf6 Bxf6 15. O-O-O O-O 16. Kb1 Nc6 17. Qe1 Bxc3 18. Qxc3 Qe7 19. Be2 Qxe6 20. Bxh5 Rf6 21. Rhe1 Qe5 22. Qxe5 Nxe5 23. Rf1 Raf8 24. Be2 Rf2 25. Bf3 Rxf1 26. Rxf1 Rf6 27. Kc1 Rf4 28. b3 Rh4 29. Rh1 Kf7 30. Kd2 Ke7 31. Ke3 a5 32. Be2 b4 33. g3 Rh8 34. h4 Ra8 35. h5 a4 36. h6 gxh6 37. Rxh6 a3 38. Rh7+ Kf6 39. Rh6+ Ke7 40. Rh7+ Ke6 41. Rh6+ Kd7 42. Rh7+ Kc6 43. g4 Rg8 44. Kf4 Rf8+ 45. Ke3 Nf7 46. Rh5 Ne5 47. Rh1 Kd7 48. g5 Ke7 49. Rh7+ Rf7 50. Rh6 Rg7 51. Kf4 Nf7 52. Rh5 Nd8 53. Bc4 Nc6 54. Rh2 Ne5 55. Rg2 Rh7 56. g6 Rg7 57. Kf5 Nc6 58. Rh2 Nd4+ 59. Kf4 Rxg6 60. Rh7+ Kd8 61. Rh8+ Kc7 62. Rh7+ Kb6 63. e5 dxe5+ 64. Kxe5 Nxc2 65. Bd3 Rg2 66. Rh6+ Kc7 67. Rh7+ Kd8 68. Kd6 Ke8 69. Bc4 Rd2+ 70. Bd5 Kf8 71. Rf7+ Ke8 72. Rg7 Rf2 73. Rg8+ Rf8 74. Rg7 Rf6+ 75. Be6 Nd4 76. Rg8+ Rf8 77. Rxf8+ Kxf8 78. Bc4 Nf5+ 79. Kxc5 Ke7 80. Kxb4 Kd6 81. Kxa3 Kc5 82. Kb2 Nd6 83. Kc3 Ne4+ 84. Kd3 Nd6 85. a3 Kb6 86. b4 Nf7 87. a4 Ne5+ 88. Kc3 Nc6 89. Bd5 Ne7 90. Be4 Nc8 91. a5+ Kb5 92. Bd3+ Ka4 93. a6 Nb6 94. a7 Nd5+ 95. Kd4 Nc7 96. Kc5 Ne6+ 97. Kb6 1-0


[Site "https://www.chess.com"]